 Dungeon Sprint DCSS version 0.17-a0-2122-g03d97ec (webtiles) character file.

301876 esc the Conqueror (level 19, -1/151 HPs)
             Began as a Gargoyle Gladiator on Oct 21, 2015.
             Was the Champion of the Shining One.
             Slain by an Orb Guardian (20 damage)
             ... in the Dungeon (Sprint IX: "|||||||||||||||||||||||||||||").
             The game lasted 00:54:52 (8432 turns).

esc the Conqueror (Gargoyle Gladiator)              Turns: 8432, Time: 00:54:52

Health: -1/151     AC: 55    Str: 20    XL:     19   Next: 46%
Magic:  29/34      EV: 25    Int: 10    God:    the Shining One [******]
Gold:   658        SH: 12    Dex: 16    Spells: 2 memorised, 35 levels left

rFire  + . .     SeeInvis .     K - +6 great mace (holy)
rCold  + + .     Clarity  .     G - +5 plate armour "Ude Xom" {rElec}
rNeg   + + +     SustAt   .     (no shield)
rPois  ∞         Gourm    .     c - +2 helmet
rElec  +         Spirit   .     w - +2 cloak {MR+}
rCorr  +         Warding  .     j - +2 pair of gloves
rMut   .         NoTele   +     F - +0 pair of boots
MR     ++...                    J - amulet of Jyofuetu {rCorr +Fly}
Stlth  ..........               L - ring of Waumyal {rC+ Slay+3}
                                C - +4 ring of evasion

@: divine shield, resistant, flying, very slightly contaminated, hasted,
glowing, very quick, very resistant to hostile enchantments, extremely
unstealthy
A: big wings, negative energy resistance 1, electricity resistance, unbreathing,
petrification resistance, rot immunity, AC +13
a: Stop Flying, Divine Shield, Cleansing Flame, Summon Divine Warrior, Renounce
Religion
}: 5/15 runes: decaying, serpentine, barnacled, silver, gossamer


You were in the Dungeon.
You worshipped the Shining One.
The Shining One was exalted by your worship.
You were hungry.

You visited 1 branch You collected 1927 gold pieces.
You spent 1269 gold pieces at shops.

Inventory:

Hand Weapons
 K - a +6 great mace of holy wrath (weapon)
   (You took it off Urug in the Dungeon)
Missiles
 d - 3 throwing nets {=f, !d}
 y - 19 javelins (quivered)
Armour
 c - a +2 helmet (worn)
 j - a +2 pair of gloves (worn)
   (You found it in the Dungeon)
 w - a +2 cloak of magic resistance (worn)
   (You took it off Nikola in the Dungeon)
 F - a +0 pair of boots (worn)
   (You found it in the Dungeon)
 G - the +5 plate armour "Ude Xom" (worn) {rElec}
   (You bought it in a shop in the Dungeon)

   It insulates you from electricity.
Magical Staves
 p - an uncursed staff of energy {@w1+MP, hungerless spells, !d!a}
   (You found it in the Dungeon)
Jewellery
 C - a +4 ring of evasion (left hand)
   (You found it in the Dungeon)
 J - the amulet of Jyofuetu (around neck) {rCorr +Fly}
   (You found it in the Dungeon)

   [amulet of resist corrosion]

   It protects you from acid and corrosion.
   It lets you fly.
 L - the ring of Waumyal (right hand) {rC+ Slay+3}
   (You found it in the Dungeon)

   [ring of slaying]

   It affects your accuracy and damage with ranged weapons and melee attacks
   (+3).
   It protects you from cold.
 M - an uncursed ring of fire {rF+, rC-}
   (You found it in the Dungeon)
 P - the ring "Ittohoin" {MR+ MP+9 Slay+3}
   (You found it in the Dungeon)

   [ring of protection from magic]

   It affects your accuracy and damage with ranged weapons and melee attacks
   (+3).
   It affects your resistance to hostile enchantments.
   It affects your magic capacity (+9).
Wands
 m - a wand of hasting (5)
   (You found it in the Dungeon)
 q - a wand of fire (3)
   (You found it in the Dungeon)
Scrolls
 k - 5 scrolls of blinking {!r}
 n - 5 scrolls of remove curse
 o - 2 scrolls of amnesia
 r - a scroll of identify
 t - 2 scrolls of recharging
 x - 7 scrolls of fear
 H - 5 scrolls of fog
Potions
 f - 11 potions of curing
 g - 10 potions of heal wounds
 i - 4 potions of magic
 l - 4 potions of berserk rage {!q}
 v - a potion of cure mutation {!q}
Books
 b - a book of Burglary
   (You found it in the Dungeon)
Miscellaneous
 s - a crystal ball of energy
   (You found it in the Dungeon)
Comestibles
 e - 14 bread rations {@e1}
 B - a beef jerky
 D - 39 fruits
 E - 10 meat rations {@e2}


   Skills:
 O Level 27 Fighting
 O Level 27 Maces & Flails
 - Level 1.7 Throwing
 O Level 27 Armour
 + Level 25.0 Dodging
 + Level 11.7 Spellcasting
 + Level 10.2 Charms
 + Level 11.6 Translocations
 + Level 9.3 Air Magic
 + Level 18.0 Invocations
 + Level 13.5 Evocations


You had 35 spell levels left.
You knew the following spells:

 Your Spells              Type           Power        Failure   Level  Hunger
a - Passage of Golubria   Tloc           N/A          4%          4    ####...
s - Swiftness             Chrm/Air       ####....     1%          2    None


Dungeon Overview and Level Annotations

Branches:
Dungeon (1/1)

Altars:
Cheibriados
Dithmenos
Elyvilon
Fedhas
Gozag
Kikubaaqudgha
Makhleb
Nemelex Xobeh
Okawaru
Qazlal
Ru
Sif Muna
Trog
Vehumet
Xom
Yredelemnul
Zin
The Shining One
Beogh
Jiyva
Lugonu

Shops:
D [[%*


Innate Abilities, Weirdness & Mutations

You are resistant to torment.
Your stone body is resilient (AC +13).
You are immune to poison.
Your large and strong wings let you fly indefinitely.
You resist negative energy.
You are resistant to electric shocks.
You can survive without breathing.
You are immune to petrification.
You are immune to rotting.


Message History

You take 19 damage, and have 118/151 hp.
You thump the Orb Guardian! The Orb Guardian hits you.
You take 1 damage, and have 117/151 hp.
You closely miss the Orb Guardian. The Orb Guardian misses you.
You hit the Orb Guardian.
The Orb Guardian hits you but does no damage.
You bludgeon the Orb Guardian!!
You kill the Orb Guardian!
Your Translocations skill increases to level 11!
You bludgeon the Orb Guardian!! The Orb Guardian closely misses you.
You closely miss the Orb Guardian.
Your divine shield fades away.
The Orb Guardian hits you!
You take 9 damage, and have 109/151 hp.
You completely miss the Orb Guardian.
The Orb Guardian hits you but does no damage.
You hammer the Orb Guardian like a gong!!!
The Orb Guardian misses you.
You bludgeon the Orb Guardian!!
You kill the Orb Guardian!
You sock the Orb Guardian! The Orb Guardian misses you.
You hit the Orb Guardian. The Orb Guardian completely misses you.
You sock the Orb Guardian! The Orb Guardian misses you.
You completely miss the Orb Guardian. The Orb Guardian hits you!!
You take 21 damage, and have 89/151 hp.
You thump the Orb Guardian!
The Orb Guardian hits you but does no damage.
You thump the Orb Guardian! The Orb Guardian closely misses you.
You hit the Orb Guardian. The Orb Guardian closely misses you.
You bludgeon the Orb Guardian!! The Orb Guardian completely misses you.
You hit the Orb Guardian. The Orb Guardian closely misses you.
You barely miss the Orb Guardian. The Orb Guardian hits you.
You take 6 damage, and have 85/151 hp.
You sock the Orb Guardian!
You kill the Orb Guardian!
Your Dodging skill increases to level 25!
Your Charms skill increases to level 10!
Your Air Magic skill increases to level 9!
There is an open door to Zot:5 here.
You reach down and close the door.
You start resting.
Health restored: 151 You reach down and open the door.
There is an open door to Zot:5 here.
A divine shield forms around you!
You feel slightly more hungry.
You now have 31/34 mp.
You reach down and open the door. 2 fire dragons, a golden dragon, a moth of wrath and 2 Orb Guardians come into view.
The moth of wrath closely misses you.
Drink which item? (? for menu, Esc to quit)
Okay, then.
Drink which item? (? for menu, Esc to quit)
You feel yourself speed up.
You are very lightly contaminated with residual magic.
Drink which item? (? for menu, Esc to quit)
You feel protected.
You hit the golden dragon but do no damage.
You bludgeon the golden dragon!! You sock the golden dragon!
The golden dragon misses you.
The golden dragon claws you but does no damage.
The golden dragon tramples you but does no damage.
You bludgeon the golden dragon!!
The moth of wrath goads the Orb Guardian on!
The Orb Guardian goes berserk!
You hammer the golden dragon like a gong!!!
The golden dragon breathes fire at you. The bolt of fire hits you! You resist.
You take 11 damage, and have 140/151 hp.
You hit the golden dragon but do no damage.
The moth of wrath goads the Orb Guardian on!
The Orb Guardian goes berserk!
Your plate armour "Ude Xom" prevents you from hitting the golden dragon.
The golden dragon bites you. The golden dragon closely misses you.
You block the golden dragon's attack.
An Orb Guardian comes into view.
You take 5 damage, and have 135/151 hp.
You bludgeon the golden dragon!!
You kill the golden dragon!
Your Invocations skill increases to level 18!
Your plate armour "Ude Xom" prevents you from hitting the Orb Guardian.
The Orb Guardian completely misses you.
You sock the Orb Guardian! The Orb Guardian hits you!!!
You take 45 damage, and have 91/151 hp.
MASSIVE DAMAGE!!
Okay, then.
Drink which item? (? for menu, Esc to quit)
Okay, then.
You sock the Orb Guardian! The Orb Guardian hits you!!
You take 18 damage, and have 73/151 hp.
You hit the Orb Guardian. The Orb Guardian closely misses you.
You bludgeon the Orb Guardian!! The Orb Guardian hits you!!
You take 26 damage, and have 47/151 hp.
You sock the Orb Guardian! The Orb Guardian hits you!!
* * * LOW HITPOINT WARNING * * *
You take 28 damage, and have 19/151 hp.
Okay, then.
Okay, then.
You are feeling hungry.
The Orb Guardian hits you!!
You die...

)▓.▓)▓.▓.▓.▓.▓.▓
)▓.▓)▓.▓)▓.▓)▓.▓.▓
)▓.▓)▓.▓)▓.▓.▓.▓X▓
)▓.▓)▓.▓)▓.▓.▓.▓D▓
)▓.▓)▓.▓)▓.▓.▓.▓D▓
(▓.▓.▓.▓)▓.▓.▓.▓y▓
)▓.▓.▓.▓)▓.▓.▓.▓X▓
)♣.▓.▓.▓)▓.▓)▓.▓X▓
.♣.▓.▓.▓.▓.▓)▓.▓@▓
.♣.▓)▓.▓.▓.▓)▓.▓^▓
.♣.▓)▓.▓.▓.▓)▓.▓.▓
.♣.▓)▓.▓!▓.▓[▓.▓.▓
.♣.▓)▓.▓[▓.▓.▓.▓.▓
.♣.▓)▓.▓=▓.▓[▓.▓^▓
.♣.▓)▓.▓.▓.▓'▓.▓.▓
.♣.▓)▓.▓.▓.▓.▓.▓.▓
.♣.▓)▓.▓.▓.▓.▓.▓.▓


You could see 2 fire dragons, 3 Orb Guardians and a moth of wrath.

Vanquished Creatures
  An ancient lich (D)
  Mara (D)
  Mennas (D)
  Boris (D)
  Norris (D)
  A Killer Klown (D)
  2 golden dragons (D)
  Jory (D)
  2 bone dragons (D)
  Xtahua (D)
  A lich (D)
  3 tentacled monstrosities (D)
  2 quicksilver dragons (D)
  10 Orb Guardians (D)
  A death cob (D)
  A sphinx (D)
  A tengu reaver (D)
  9 shadow dragons (D)
  2 storm dragons (D)
  2 draconian monks (D)
  5 greater nagas (D)
  Ilsuiw (D)
  A vault warden (D)
  A frost giant (D)
  A fire giant (D)
  An iron dragon (D)
  Louise (D)
  2 draconian shifters (D)
  6 emperor scorpions (D)
  5 ironheart preservers (D)
  A ghost moth (D)
  A very ugly thing (D)
  2 draconian annihilators (D)
  4 stone giants (D)
  4 green draconians (D)
  A draconian caller (D)
  A black draconian (D)
  4 yellow draconians (D)
  3 red draconians (D)
  A white draconian (D)
  A mottled draconian (D)
  2 purple draconians (D)
  3 merfolk javelineers (D)
  25 vault guards (D)
  7 merfolk impalers (D)
  2 ettins (D)
  3 fire dragons (D)
  An entropy weaver (D)
  A yaktaur captain (D)
  9 ice dragons (D)
  A ghost crab (D)
  3 naga warriors (D)
  6 hydras (D)
  2 centaur warriors (D)
  4 ogre magi (D)
  An anaconda (D)
  A deep troll earth mage (D)
  3 merfolk aquamancers (D)
  Urug (D)
  2 naga sharpshooters (D)
  2 hell knights (D)
  A deep elf knight (D)
  2 skeletal warriors (D)
  2 unseen horrors (D)
  A sea snake (D)
  7 swamp dragons (D)
  A giant orange brain (D)
  A naga ritualist (D)
  4 hill giants (D)
  A shambling mangrove (D)
  4 orc knights (D)
  3 harpies (D)
  2 necromancers (D)
  2 wolf spiders (D)
  A griffon (D)
  A lindwurm (shapeshifter) (D)
  A hornet (D)
  3 cyclopes (D)
  An orc sorcerer (D)
  4 moths of wrath (D)
  A water nymph (D)
  An ugly thing (D)
  5 naga magi (D)
  An elephant (D)
  2 guardian serpents (D)
  3 yaktaurs (D)
  A spiny frog (D)
  Psyche (D)
  A black mamba (D)
  A gargoyle (D)
  4 vault sentinels (D)
  An efreet (D)
  A tengu conjurer (D)
  3 demonic crawlers (D)
  3 freezing wraiths (D)
  A troll (shapeshifter) (D)
  2 jumping spiders (D)
  3 two-headed ogres (D)
  A merfolk (D)
  4 boulder beetles (D)
  A blink frog (D)
  A bog body (D)
  A trapdoor spider (D)
  A redback (D)
  A wraith (D)
  A water elemental (D)
  A yak (D)
  A deep elf fighter (D)
  A tarantella (D)
  A deep elf mage (D)
  7 wolves (D)
  A wyvern (D)
  Grum (D)
  2 vampire mosquitoes (D)
  A warg (D)
  5 hippogriffs (D)
  A naga (D)
  A porcupine (D)
  A mottled dragon (D)
  6 water moccasins (D)
  2 hell hounds (D)
  2 swamp drakes (D)
  13 orc warriors (D)
  A wasp (D)
  An ice beast (D)
  9 ogres (D)
  A crocodile (D)
  2 giant frogs (D)
  A crimson imp (D)
  4 orc priests (D)
  An orc wizard (D)
  A worker ant (D)
  A river rat (D)
  2 adder zombies (D)
  3 adder skeletons (D)
  An adder simulacrum (D)
  7 orcs (D)
  A bat (D)
  A bat skeleton (D)
  A kobold (D)
  A ball python (D)
  A giant newt (D)
  2 jackal skeletons (D)
  A rat (D)
348 creatures vanquished.

Vanquished Creatures (collateral kills)
  Frederick (D)
  Nikola (D)
  A merfolk aquamancer (D)
3 creatures vanquished.

Vanquished Creatures (others)
  Margery (D)
  A shadow dragon (D)
  An ice dragon (D)
  A hydra (D)
  An ogre mage (D)
  2 hornets (D)
  A deep elf conjurer (D)
  An ironbrand convoker (D)
  A guardian serpent (D)
  A merfolk (D)
  A freezing wraith (D)
  A wasp (D)
13 creatures vanquished.

Grand Total: 364 creatures vanquished

Notes
Turn   | Place    | Note
--------------------------------------------------------------
     0 | D        | esc the Gargoyle Gladiator began the quest for the Orb.
     0 | D        | Reached XP level 1. HP: 12/12 MP: 1/1
     2 | D        | Banished a spatial maelstrom
     7 | D        | Reached skill level 1 in Armour
    24 | D        | Noticed a worker ant
    24 | D        | Noticed a crimson imp
    27 | D        | Killed a crimson imp
    27 | D        | Reached skill level 4 in Fighting
    27 | D        | Reached skill level 4 in Maces & Flails
    27 | D        | Reached skill level 3 in Armour
    27 | D        | Reached skill level 3 in Dodging
    27 | D        | Reached XP level 2. HP: 16/20 MP: 2/2
    27 | D        | Reached XP level 3. HP: 19/24 MP: 3/3
    31 | D        | Killed a worker ant
    31 | D        | Reached skill level 4 in Dodging
    31 | D        | Reached XP level 4. HP: 12/30 MP: 4/4
    42 | D        | Reached skill level 4 in Armour
    49 | D        | Found a glowing silver altar of Zin.
    49 | D        | Found a glowing golden altar of the Shining One.
    49 | D        | Found an ancient bone altar of Kikubaaqudgha.
    49 | D        | Found a basalt altar of Yredelemnul.
    49 | D        | Found a shimmering altar of Xom.
    49 | D        | Found a radiant altar of Vehumet.
    50 | D        | Found an iron altar of Okawaru.
    51 | D        | Found a burning altar of Makhleb.
    52 | D        | Found a deep blue altar of Sif Muna.
    53 | D        | Became a worshipper of the Shining One
    54 | D        | Found a bloodstained altar of Trog.
    55 | D        | Found a sparkling altar of Nemelex Xobeh.
    56 | D        | Found a white marble altar of Elyvilon.
    57 | D        | Found a roughly hewn altar of Beogh.
    58 | D        | Found a viscous altar of Jiyva.
    59 | D        | Found a corrupted altar of Lugonu.
    60 | D        | Found a blossoming altar of Fedhas.
    61 | D        | Found a snail-covered altar of Cheibriados.
    62 | D        | Found a shadowy altar of Dithmenos.
    63 | D        | Found a stormy altar of Qazlal.
    64 | D        | Found an opulent altar of Gozag.
    65 | D        | Found a sacrificial altar of Ru.
    82 | D        | Got the +2 dire flail "Widuyv" {holy, MR+}
   225 | D        | Reached * piety under the Shining One
   225 | D        | Noticed an ogre
   225 | D        | Noticed a hippogriff
   225 | D        | Noticed a deep elf mage
   225 | D        | Noticed a hippogriff
   228 | D        | Killed a hippogriff
   228 | D        | Reached skill level 6 in Fighting
   228 | D        | Reached skill level 6 in Maces & Flails
   228 | D        | Reached skill level 5 in Armour
   228 | D        | Reached skill level 5 in Dodging
   228 | D        | Reached XP level 5. HP: 37/37 MP: 5/5
   234 | D        | Killed a hippogriff
   234 | D        | Reached skill level 7 in Fighting
   234 | D        | Reached skill level 7 in Maces & Flails
   234 | D        | Reached skill level 6 in Armour
   234 | D        | Reached skill level 6 in Dodging
   234 | D        | Reached XP level 6. HP: 44/44 MP: 6/6
   239 | D        | Killed a deep elf mage
   239 | D        | Reached skill level 8 in Fighting
   239 | D        | Reached skill level 7 in Armour
   239 | D        | Reached XP level 7. HP: 47/49 MP: 7/7
   241 | D        | Killed an ogre
   241 | D        | Reached skill level 8 in Maces & Flails
   241 | D        | Reached skill level 8 in Armour
   242 | D        | Reached ** piety under the Shining One
   316 | D        | Noticed a centaur warrior
   316 | D        | Noticed a cyclops
   316 | D        | Noticed a skeletal warrior
   316 | D        | Reached *** piety under the Shining One
   316 | D        | Noticed an ogre
   316 | D        | Noticed a gargoyle
   318 | D        | Killed an ogre
   318 | D        | Reached skill level 7 in Dodging
   319 | D        | Killed a gargoyle
   319 | D        | Reached skill level 9 in Fighting
   319 | D        | Reached skill level 9 in Maces & Flails
   319 | D        | Reached skill level 9 in Armour
   319 | D        | Reached XP level 8. HP: 49/57 MP: 8/8
   321 | D        | Noticed an unseen horror
   322 | D        | Killed a cyclops
   322 | D        | Reached skill level 10 in Fighting
   322 | D        | Reached skill level 10 in Armour
   322 | D        | Reached skill level 8 in Dodging
   325 | D        | Killed a skeletal warrior
   325 | D        | Reached **** piety under the Shining One
   325 | D        | Reached skill level 11 in Fighting
   325 | D        | Reached skill level 10 in Maces & Flails
   325 | D        | Reached XP level 9. HP: 36/64 MP: 9/9
   329 | D        | Killed an unseen horror
   329 | D        | Reached skill level 11 in Maces & Flails
   329 | D        | Reached skill level 11 in Armour
   329 | D        | Reached skill level 9 in Dodging
   334 | D        | Killed a centaur warrior
   334 | D        | Reached skill level 12 in Fighting
   488 | D        | Noticed a water moccasin
   488 | D        | Noticed a giant frog
   488 | D        | Noticed a crocodile
   488 | D        | Noticed a yak
   488 | D        | Noticed a hippogriff
   488 | D        | Noticed a water moccasin
   490 | D        | Noticed a porcupine
   498 | D        | Killed a water moccasin
   498 | D        | Reached skill level 12 in Armour
   504 | D        | Killed a hippogriff
   504 | D        | Reached skill level 1 in Invocations
   504 | D        | Reached skill level 1 in Evocations
   505 | D        | Noticed a water moccasin
   507 | D        | Killed a yak
   507 | D        | Reached skill level 10 in Dodging
   507 | D        | Reached XP level 10. HP: 65/72 MP: 9/11
   512 | D        | Noticed a giant frog
   512 | D        | Killed a crocodile
   512 | D        | Reached skill level 2 in Invocations
   514 | D        | Killed a giant frog
   518 | D        | Killed a water moccasin
   518 | D        | Reached skill level 2 in Evocations
   522 | D        | Killed a porcupine
   527 | D        | Killed a water moccasin
   528 | D        | Killed a giant frog
   528 | D        | Reached skill level 3 in Invocations
   560 | D        | Noticed a water moccasin
   560 | D        | Reached ***** piety under the Shining One
   560 | D        | Noticed an elephant
   560 | D        | Noticed a hippogriff
   560 | D        | Noticed a blink frog
   560 | D        | Noticed a wyvern
   563 | D        | Noticed a spiny frog
   564 | D        | Killed a wyvern
   568 | D        | Killed a blink frog
   568 | D        | Reached skill level 12 in Maces & Flails
   568 | D        | Reached skill level 3 in Evocations
   569 | D        | Noticed a water moccasin
   571 | D        | Noticed a water moccasin
   573 | D        | Killed a hippogriff
   585 | D        | Killed an elephant
   585 | D        | Reached skill level 4 in Invocations
   589 | D        | Killed a water moccasin
   591 | D        | Killed a spiny frog
   591 | D        | Reached skill level 13 in Fighting
   591 | D        | Reached skill level 4 in Evocations
   594 | D        | Killed a water moccasin
   602 | D        | Killed a water moccasin
   676 | D        | Noticed a hell hound
   676 | D        | Noticed a wolf
   676 | D        | Noticed a wolf
   676 | D        | Noticed a wolf
   678 | D        | Noticed a hell hound
   678 | D        | Reached ****** piety under the Shining One
   681 | D        | Noticed a warg
   684 | D        | Noticed a wolf
   685 | D        | Killed a hell hound
   687 | D        | Killed a wolf
   687 | D        | Reached skill level 5 in Invocations
   689 | D        | Noticed a wolf
   693 | D        | Killed a hell hound
   702 | D        | Killed a warg
   702 | D        | Reached skill level 13 in Armour
   703 | D        | Killed a wolf
   707 | D        | Killed a wolf
   709 | D        | Killed a wolf
   711 | D        | Killed a wolf
   780 | D        | Noticed a wolf
   782 | D        | Noticed a wolf
   786 | D        | Killed a wolf
   790 | D        | Killed a wolf
   790 | D        | Reached skill level 5 in Evocations
   790 | D        | Reached XP level 11. HP: 78/78 MP: 15/15
   813 | D        | Noticed Grum
   823 | D        | Killed Grum
   823 | D        | Reached skill level 6 in Invocations
   875 | D        | Noticed an orc knight
   875 | D        | Noticed an orc warrior
   875 | D        | Noticed an orc priest
   875 | D        | Noticed an orc priest
   878 | D        | Killed an orc priest
   879 | D        | Noticed an orc warrior
   884 | D        | Killed an orc warrior
   885 | D        | Noticed an orc priest
   888 | D        | Killed an orc priest
   897 | D        | Noticed an orc warrior
   915 | D        | Killed an orc knight
   915 | D        | Reached skill level 11 in Dodging
   918 | D        | Killed an orc warrior
   918 | D        | Killed an orc priest
   921 | D        | Noticed an orc priest
   926 | D        | Killed an orc warrior
   932 | D        | Killed an orc priest
  1155 | D        | Noticed an orc warrior
  1155 | D        | Noticed an orc warrior
  1155 | D        | Noticed an orc wizard
  1155 | D        | Noticed an orc warrior
  1155 | D        | Noticed an orc warrior
  1162 | D        | Killed an orc warrior
  1163 | D        | Noticed an orc warrior
  1164 | D        | Noticed an orc warrior
  1167 | D        | Noticed an orc sorcerer
  1169 | D        | Killed an orc warrior
  1175 | D        | Killed an orc warrior
  1176 | D        | Noticed an orc warrior
  1177 | D        | Killed an orc wizard
  1180 | D        | Killed an orc warrior
  1188 | D        | Killed an orc warrior
  1188 | D        | Reached skill level 7 in Invocations
  1193 | D        | Killed an orc sorcerer
  1193 | D        | Reached skill level 13 in Maces & Flails
  1193 | D        | Reached skill level 6 in Evocations
  1196 | D        | Killed an orc warrior
  1197 | D        | Noticed an orc warrior
  1200 | D        | Noticed an orc warrior
  1200 | D        | Killed an orc warrior
  1206 | D        | Killed an orc warrior
  1213 | D        | Killed an orc warrior
  1295 | D        | Found Uwikeuwk's General Store.
  1295 | D        | Noticed a two-headed ogre
  1295 | D        | Noticed an ogre
  1295 | D        | Noticed an ogre mage
  1295 | D        | Noticed an ogre
  1295 | D        | Noticed an ogre mage
  1299 | D        | Noticed an ogre
  1300 | D        | Killed an ogre mage
  1300 | D        | Reached skill level 14 in Fighting
  1301 | D        | Noticed a two-headed ogre
  1307 | D        | Killed an ogre mage
  1307 | D        | Reached skill level 14 in Armour
  1307 | D        | Reached skill level 8 in Invocations
  1313 | D        | Killed a two-headed ogre
  1314 | D        | Found Dycuaxom's Food Shop.
  1315 | D        | Noticed an ogre
  1316 | D        | Killed a two-headed ogre
  1317 | D        | Noticed a two-headed ogre
  1320 | D        | Killed an ogre
  1322 | D        | Killed an ogre
  1326 | D        | Noticed an ogre mage
  1326 | D        | Killed an ogre
  1326 | D        | Reached skill level 7 in Evocations
  1330 | D        | Killed a two-headed ogre
  1337 | D        | Killed an ogre
  1340 | D        | Killed an ogre mage
  1348 | D        | Noticed an ogre
  1351 | D        | Found Quxkoat's Antique Armour Boutique.
  1356 | D        | Killed an ogre
  1359 | D        | Found Wudegeit's Antique Armour Shop.
  1365 | D        | Noticed an ogre
  1366 | D        | Noticed an ogre
  1371 | D        | Killed an ogre
  1376 | D        | Killed an ogre
  1404 | D        | Bought a fine plate armour for 672 gold pieces
  1414 | D        | Identified the +5 plate armour "Ude Xom" {rElec} (You bought it in a shop in the Dungeon)
  1418 | D        | Bought a scroll of fog for 20 gold pieces
  1418 | D        | Bought a scroll of enchant armour for 75 gold pieces
  1418 | D        | Bought a scroll of blinking for 75 gold pieces
  1418 | D        | Bought a scroll of blinking for 75 gold pieces
  1418 | D        | Bought a potion of haste for 100 gold pieces
  1424 | D        | Bought a scorched scale mail for 252 gold pieces
  1424 | D        | Identified the +6 scale mail of Vehumet's Delight {+Fly MR++ MP+9 Str-2} (You bought it in a shop in the Dungeon)
  1512 | D        | Noticed Psyche
  1518 | D        | Killed Psyche
  1518 | D        | Reached skill level 9 in Invocations
  1520 | D        | Noticed Urug
  1539 | D        | Killed Urug
  1539 | D        | Reached XP level 12. HP: 44/86 MP: 18/18
  1546 | D        | Identified a +4 great mace of holy wrath (a +2 great mace blessed by the Shining One)
  1546 | D        | Received a gift from the Shining One
  1622 | D        | Got the +0 plate armour of Dawn {*Confuse rF+ Dex+2}
  1715 | D        | Noticed an efreet
  1715 | D        | Noticed a freezing wraith
  1715 | D        | Noticed an unseen horror
  1715 | D        | Noticed a hill giant
  1715 | D        | Noticed an orc warrior
  1720 | D        | Killed a hill giant
  1720 | D        | Reached skill level 12 in Dodging
  1725 | D        | Killed an orc warrior
  1729 | D        | Killed an unseen horror
  1729 | D        | Reached skill level 14 in Maces & Flails
  1734 | D        | Killed a freezing wraith
  1737 | D        | Killed an efreet
  1737 | D        | Reached skill level 15 in Fighting
  1739 | D        | Noticed a hill giant
  1740 | D        | Noticed a stone giant
  1741 | D        | Noticed a yaktaur captain
  1743 | D        | Noticed a tengu conjurer
  1746 | D        | Noticed a stone giant
  1749 | D        | Killed a hill giant
  1749 | D        | Reached skill level 15 in Armour
  1758 | D        | Noticed an ettin
  1761 | D        | Killed a stone giant
  1763 | D        | Noticed a fire dragon
  1766 | D        | Noticed a stone giant
  1769 | D        | Killed a tengu conjurer
  1777 | D        | Killed a yaktaur captain
  1785 | D        | Killed a stone giant
  1789 | D        | Killed an ettin
  1799 | D        | Killed a fire dragon
  1799 | D        | Reached skill level 16 in Fighting
  1799 | D        | Reached skill level 15 in Maces & Flails
  1799 | D        | Reached skill level 13 in Dodging
  1806 | D        | Killed a stone giant
  1806 | D        | Reached skill level 16 in Armour
  2166 | D        | Noticed a wasp
  2166 | D        | Noticed a shambling mangrove
  2166 | D        | Noticed a bog body
  2166 | D        | Noticed a vampire mosquito
  2166 | D        | Noticed a swamp drake
  2166 | D        | Noticed a swamp drake
  2167 | D        | Noticed a hornet
  2171 | D        | Killed a swamp drake
  2174 | D        | Killed a swamp drake
  2180 | D        | Killed a shambling mangrove
  2181 | D        | Noticed a ghost crab
  2181 | D        | Killed a vampire mosquito
  2185 | D        | Killed a bog body
  2185 | D        | Killed a wasp
  2187 | D        | Killed a hornet
  2188 | D        | Killed a six-headed hydra
  2201 | D        | Killed a ghost crab
  2234 | D        | Noticed a boulder beetle
  2234 | D        | Noticed a jumping spider
  2234 | D        | Noticed a ghost moth
  2234 | D        | Noticed a hornet
  2234 | D        | Noticed a demonic crawler
  2244 | D        | Killed a demonic crawler
  2248 | D        | Killed a hornet
  2248 | D        | Reached XP level 13. HP: 85/95 MP: 0/19
  2254 | D        | Killed a ghost moth
  2270 | D        | Killed a boulder beetle
  2271 | D        | Noticed an emperor scorpion
  2272 | D        | Noticed a tarantella
  2274 | D        | Noticed a moth of wrath
  2279 | D        | Killed a jumping spider
  2293 | D        | Killed an emperor scorpion
  2293 | D        | Reached skill level 17 in Fighting
  2294 | D        | Killed a tarantella
  2298 | D        | Killed a moth of wrath
  2298 | D        | Reached skill level 16 in Maces & Flails
  2472 | D        | Noticed a trapdoor spider
  2473 | D        | Killed a trapdoor spider
  2473 | D        | Reached skill level 17 in Armour
  2475 | D        | Noticed a merfolk
  2475 | D        | Noticed a water nymph
  2475 | D        | Noticed a water elemental
  2475 | D        | Noticed a harpy
  2475 | D        | Noticed a merfolk
  2475 | D        | Noticed a harpy
  2478 | D        | Noticed a sea snake
  2478 | D        | Killed a harpy
  2479 | D        | Noticed a merfolk impaler
  2484 | D        | Killed a merfolk
  2486 | D        | Noticed a merfolk aquamancer
  2487 | D        | Killed a harpy
  2493 | D        | Killed a water elemental
  2493 | D        | Reached skill level 14 in Dodging
  2497 | D        | Killed a water nymph
  2504 | D        | Killed a merfolk impaler
  2506 | D        | Killed a merfolk
  2509 | D        | Killed a merfolk aquamancer
  2519 | D        | Killed a sea snake
  2571 | D        | Noticed an anaconda
  2571 | D        | Noticed a naga warrior
  2571 | D        | Noticed a naga mage
  2571 | D        | Noticed a naga ritualist
  2571 | D        | Noticed a naga sharpshooter
  2571 | D        | Noticed a naga mage
  2573 | D        | Noticed a naga mage
  2576 | D        | Killed a naga mage
  2577 | D        | Noticed a black mamba
  2584 | D        | Killed a naga sharpshooter
  2590 | D        | Noticed a naga sharpshooter
  2595 | D        | Killed a naga warrior
  2600 | D        | Killed a naga ritualist
  2605 | D        | Killed a naga mage
  2609 | D        | Killed an anaconda
  2609 | D        | Reached skill level 10 in Invocations
  2612 | D        | Killed a naga mage
  2612 | D        | Reached skill level 18 in Fighting
  2615 | D        | Killed a black mamba
  2624 | D        | Killed a naga sharpshooter
  2832 | D        | Noticed an iron dragon
  2832 | D        | Noticed a yaktaur
  2832 | D        | Noticed a giant orange brain
  2832 | D        | Noticed an ettin
  2832 | D        | Noticed an ice dragon
  2832 | D        | Noticed a centaur warrior
  2833 | D        | Noticed a deep troll earth mage
  2837 | D        | Killed a centaur warrior
  2837 | D        | Reached skill level 18 in Armour
  2843 | D        | Killed an ice dragon
  2843 | D        | Reached skill level 17 in Maces & Flails
  2844 | D        | Noticed a fire giant
  2851 | D        | Noticed a tengu reaver
  2853 | D        | Noticed an entropy weaver
  2853 | D        | Killed a giant orange brain
  2988 | D        | Killed an iron dragon
  3033 | D        | Killed an ettin
  3033 | D        | Reached skill level 11 in Invocations
  3042 | D        | Killed a yaktaur
  3063 | D        | Killed a deep troll earth mage
  3063 | D        | Gained mutation: Your large and strong wings let you fly indefinitely. [Gargoyle growth]
  3063 | D        | Reached XP level 14. HP: 72/104 MP: 22/22
  3118 | D        | Killed a fire giant
  3118 | D        | Reached skill level 15 in Dodging
  3142 | D        | Killed a tengu reaver
  3233 | D        | Killed an entropy weaver
  3234 | D        | Noticed an ice dragon
  3310 | D        | Killed an ice dragon
  3441 | D        | Noticed a lich
  3441 | D        | Noticed a shadow dragon
  3459 | D        | Killed a shadow dragon
  3459 | D        | Reached skill level 12 in Invocations
  3464 | D        | Killed a lich
  3464 | D        | Reached skill level 19 in Fighting
  3464 | D        | Reached skill level 19 in Armour
  3514 | D        | Noticed a purple ugly thing
  3526 | D        | Killed a purple ugly thing
  3530 | D        | Noticed a frost giant
  3531 | D        | Noticed an ice dragon
  3532 | D        | Noticed a yaktaur
  3534 | D        | Noticed a fire dragon
  3542 | D        | Killed a frost giant
  3542 | D        | Reached skill level 18 in Maces & Flails
  3549 | D        | Killed an ice dragon
  3552 | D        | Killed a yaktaur
  3563 | D        | Killed a fire dragon
  3563 | D        | Reached skill level 13 in Invocations
  3954 | D        | Noticed a hill giant
  3954 | D        | Noticed a vault sentinel
  3954 | D        | Noticed a vampire mosquito
  3954 | D        | Noticed a harpy
  3954 | D        | Noticed a cyclops
  3954 | D        | Noticed a yaktaur
  3955 | D        | Noticed a wraith
  3959 | D        | Killed a yaktaur
  3960 | D        | Noticed a hornet
  3964 | D        | Noticed an ironheart preserver
  3965 | D        | Killed a cyclops
  3970 | D        | Noticed a vault warden
  3973 | D        | Killed a harpy
  3977 | D        | Killed a vampire mosquito
  3981 | D        | Noticed a skeletal warrior
  3984 | D        | Killed a vault sentinel
  3989 | D        | Noticed an orc knight
  3991 | D        | Killed a hill giant
  3992 | D        | Noticed a freezing wraith
  3997 | D        | Killed an ironheart preserver
  4000 | D        | Killed a vault warden
  4000 | D        | Reached skill level 16 in Dodging
  4001 | D        | Killed a wraith
  4002 | D        | Noticed a deep elf fighter
  4003 | D        | Noticed a griffon
  4005 | D        | Noticed an ironheart preserver
  4007 | D        | Killed a skeletal warrior
  4008 | D        | Noticed a deep elf knight
  4012 | D        | Noticed a vault sentinel
  4012 | D        | Killed an orc knight
  4018 | D        | Noticed an ogre mage
  4022 | D        | Killed a freezing wraith
  4026 | D        | Noticed a boulder beetle
  4031 | D        | Killed a griffon
  4032 | D        | Noticed an orc knight
  4033 | D        | Killed an ogre mage
  4037 | D        | Killed an ironheart preserver
  4037 | D        | Reached skill level 20 in Fighting
  4044 | D        | Killed a deep elf knight
  4044 | D        | Reached skill level 20 in Armour
  4046 | D        | Killed a deep elf fighter
  4049 | D        | Killed a vault sentinel
  4058 | D        | Killed a boulder beetle
  4066 | D        | Killed an orc knight
  4121 | D        | Noticed Nikola
  4122 | D        | Noticed Louise
  4135 | D        | Killed Nikola
  4135 | D        | Reached skill level 19 in Maces & Flails
  4182 | D        | Killed Louise
  4182 | D        | Reached XP level 15. HP: 113/113 MP: 24/24
  4369 | D        | Noticed Margery
  4369 | D        | Noticed a hell knight
  4369 | D        | Noticed a hell knight
  4372 | D        | Noticed a necromancer
  4374 | D        | Noticed a necromancer
  4378 | D        | Killed a hell knight
  4379 | D        | Killed a hell knight
  4396 | D        | Killed Margery
  4398 | D        | Killed a necromancer
  4403 | D        | Killed a necromancer
  4690 | D        | Noticed a six-headed hydra
  4690 | D        | Noticed a swamp dragon
  4690 | D        | Noticed a swamp dragon
  4690 | D        | Noticed a seven-headed hydra
  4690 | D        | Noticed a swamp dragon
  4690 | D        | Noticed a five-headed hydra
  4694 | D        | Noticed a five-headed hydra
  4695 | D        | Killed a five-headed hydra
  4701 | D        | Noticed a seven-headed hydra
  4702 | D        | Killed a swamp dragon
  4707 | D        | Killed a seven-headed hydra
  4707 | D        | Reached skill level 17 in Dodging
  4710 | D        | Noticed a seven-headed hydra
  4716 | D        | Killed a swamp dragon
  4721 | D        | Killed a swamp dragon
  4721 | D        | Reached skill level 21 in Fighting
  4726 | D        | Killed a six-headed hydra
  4726 | D        | Reached skill level 21 in Armour
  4727 | D        | Noticed a swamp dragon
  4729 | D        | Killed a five-headed hydra
  4730 | D        | Noticed a swamp dragon
  4731 | D        | Killed a seven-headed hydra
  4733 | D        | Killed a seven-headed hydra
  4735 | D        | Noticed a swamp dragon
  4737 | D        | Noticed a swamp dragon
  4740 | D        | Killed a swamp dragon
  4744 | D        | Killed a swamp dragon
  4748 | D        | Killed a swamp dragon
  4748 | D        | Reached skill level 20 in Maces & Flails
  4751 | D        | Killed a swamp dragon
  4770 | D        | Got a decaying rune of Zot
  4777 | D        | Noticed a merfolk javelineer
  4777 | D        | Noticed a merfolk impaler
  4777 | D        | Noticed a merfolk javelineer
  4777 | D        | Noticed a merfolk aquamancer
  4777 | D        | Noticed a merfolk aquamancer
  4777 | D        | Noticed a merfolk impaler
  4779 | D        | Noticed Ilsuiw
  4783 | D        | Killed a merfolk aquamancer
  4789 | D        | Noticed a merfolk javelineer
  4792 | D        | Noticed a merfolk impaler
  4803 | D        | Killed Ilsuiw
  4806 | D        | Killed a merfolk aquamancer
  4807 | D        | Noticed a merfolk impaler
  4809 | D        | Noticed a merfolk aquamancer
  4814 | D        | Killed a merfolk javelineer
  4819 | D        | Killed a merfolk javelineer
  4820 | D        | Noticed a merfolk impaler
  4823 | D        | Killed a merfolk javelineer
  4827 | D        | Noticed a merfolk impaler
  4829 | D        | Killed a merfolk aquamancer
  4836 | D        | Killed a merfolk impaler
  4842 | D        | Killed a merfolk impaler
  4847 | D        | HP: 27/116 [merfolk impaler/trident of distortion (19)]
  4856 | D        | HP: 26/116 [merfolk impaler/trident of distortion (5)]
  4860 | D        | Killed a merfolk impaler
  4863 | D        | HP: 17/116 [merfolk impaler/trident of distortion (4)]
  4870 | D        | Killed a merfolk impaler
  4884 | D        | Killed a merfolk impaler
  4884 | D        | Reached skill level 22 in Fighting
  4889 | D        | Killed a merfolk impaler
  4889 | D        | Reached skill level 22 in Armour
  4899 | D        | Got a barnacled rune of Zot
  5103 | D        | Noticed an emperor scorpion
  5103 | D        | Noticed an emperor scorpion
  5103 | D        | Noticed an emperor scorpion
  5103 | D        | Noticed a redback
  5103 | D        | Noticed a moth of wrath
  5103 | D        | Noticed an emperor scorpion
  5112 | D        | Killed an emperor scorpion
  5112 | D        | Reached skill level 18 in Dodging
  5116 | D        | Killed a moth of wrath
  5119 | D        | Killed a redback
  5126 | D        | Killed an emperor scorpion
  5138 | D        | Killed an emperor scorpion
  5156 | D        | Killed an emperor scorpion
  5156 | D        | Reached skill level 21 in Maces & Flails
  5158 | D        | Noticed a moth of wrath
  5161 | D        | Noticed an emperor scorpion
  5165 | D        | Killed a moth of wrath
  5166 | D        | Noticed a demonic crawler
  5172 | D        | Killed an emperor scorpion
  5173 | D        | Killed a demonic crawler
  5174 | D        | Noticed a wolf spider
  5175 | D        | Noticed a wolf spider
  5176 | D        | Noticed a demonic crawler
  5176 | D        | Noticed a jumping spider
  5179 | D        | Killed a wolf spider
  5179 | D        | Reached XP level 16. HP: 92/124 MP: 25/25
  5183 | D        | Killed a jumping spider
  5186 | D        | Killed a wolf spider
  5188 | D        | Killed a demonic crawler
  5205 | D        | Got a gossamer rune of Zot
  5277 | D        | Noticed a naga mage
  5277 | D        | Noticed a guardian serpent
  5277 | D        | Noticed a greater naga
  5277 | D        | Noticed a naga warrior
  5277 | D        | Noticed a greater naga
  5277 | D        | Noticed a greater naga
  5281 | D        | Noticed a greater naga
  5283 | D        | Killed a greater naga
  5284 | D        | Noticed a naga
  5288 | D        | Noticed a guardian serpent
  5293 | D        | Killed a greater naga
  5297 | D        | Killed a guardian serpent
  5300 | D        | Noticed a greater naga
  5306 | D        | Killed a greater naga
  5311 | D        | Killed a greater naga
  5311 | D        | Reached skill level 23 in Fighting
  5312 | D        | Noticed a guardian serpent
  5316 | D        | Noticed a naga warrior
  5321 | D        | Killed a naga warrior
  5321 | D        | Reached skill level 23 in Armour
  5324 | D        | Killed a guardian serpent
  5325 | D        | Killed a naga warrior
  5333 | D        | Noticed a naga mage
  5333 | D        | Killed a greater naga
  5338 | D        | Killed a naga mage
  5341 | D        | Killed a naga mage
  5344 | D        | Killed a naga
  5349 | D        | Killed a guardian serpent
  5366 | D        | Got a serpentine rune of Zot
  5558 | D        | Noticed Boris
  5558 | D        | Noticed Mennas
  5612 | D        | Killed Mennas
  5612 | D        | Reached skill level 22 in Maces & Flails
  5612 | D        | Reached skill level 19 in Dodging
  5614 | D        | Killed Boris
  5692 | D        | Noticed a vault guard
  5692 | D        | Noticed a vault guard
  5692 | D        | Noticed a vault guard
  5692 | D        | Noticed a vault guard
  5692 | D        | Noticed a vault guard
  5692 | D        | Noticed a vault guard
  5693 | D        | Noticed a vault guard
  5697 | D        | Killed a vault guard
  5703 | D        | Killed a vault guard
  5706 | D        | Noticed a vault guard
  5709 | D        | Noticed a vault guard
  5712 | D        | Killed a vault guard
  5713 | D        | Noticed a vault guard
  5719 | D        | Killed a vault guard
  5723 | D        | Killed a vault guard
  5723 | D        | Reached skill level 24 in Fighting
  5725 | D        | Noticed a vault guard
  5729 | D        | Noticed a vault guard
  5732 | D        | Killed a vault guard
  5732 | D        | Reached skill level 24 in Armour
  5735 | D        | Killed a vault guard
  5743 | D        | Killed a vault guard
  5744 | D        | Noticed a vault guard
  5747 | D        | Noticed a vault guard
  5749 | D        | Noticed a vault guard
  5751 | D        | Killed a vault guard
  5761 | D        | Killed a vault guard
  5766 | D        | Killed a vault guard
  5771 | D        | Killed a vault guard
  5787 | D        | Killed a vault guard
  5797 | D        | Killed a vault guard
  5805 | D        | Killed a vault guard
  5839 | D        | Noticed a vault guard
  5840 | D        | Noticed a vault guard
  5840 | D        | Noticed a vault guard
  5841 | D        | Noticed a vault guard
  5842 | D        | Noticed a vault guard
  5843 | D        | Noticed a vault guard
  5846 | D        | Noticed a vault guard
  5846 | D        | Killed a vault guard
  5846 | D        | Reached skill level 20 in Dodging
  5847 | D        | Noticed a vault guard
  5853 | D        | Killed a vault guard
  5858 | D        | Killed a vault guard
  5858 | D        | Reached skill level 23 in Maces & Flails
  5869 | D        | Killed a vault guard
  5873 | D        | Noticed a vault guard
  5873 | D        | Killed a vault guard
  5877 | D        | Killed a vault guard
  5878 | D        | Noticed a vault guard
  5888 | D        | Killed a vault guard
  5893 | D        | Killed a vault guard
  5900 | D        | Killed a vault guard
  5903 | D        | Killed a vault guard
  5903 | D        | Reached XP level 17. HP: 96/134 MP: 26/26
  6028 | D        | Noticed a freezing wraith
  6028 | D        | Noticed a vault sentinel
  6028 | D        | Noticed a boulder beetle
  6028 | D        | Noticed an ironheart preserver
  6028 | D        | Noticed an ironheart preserver
  6028 | D        | Noticed an ironbrand convoker
  6034 | D        | Killed an ironheart preserver
  6034 | D        | Reached skill level 25 in Fighting
  6035 | D        | Killed an ironbrand convoker
  6039 | D        | Noticed an ironheart preserver
  6039 | D        | Killed an ironheart preserver
  6040 | D        | Noticed a vault sentinel
  6046 | D        | Killed a boulder beetle
  6046 | D        | Reached skill level 25 in Armour
  6048 | D        | Killed a vault sentinel
  6049 | D        | Noticed a sphinx
  6051 | D        | Noticed a hornet
  6053 | D        | Noticed a shadow dragon
  6056 | D        | Killed a freezing wraith
  6057 | D        | Noticed a purple very ugly thing
  6069 | D        | Noticed a freezing wraith
  6069 | D        | Killed an ironheart preserver
  6073 | D        | Noticed a deep elf conjurer
  6076 | D        | Killed a vault sentinel
  6079 | D        | Killed a sphinx
  6080 | D        | Noticed a shadow dragon
  6098 | D        | Killed a shadow dragon
  6102 | D        | Noticed a boulder beetle
  6105 | D        | Killed a deep elf conjurer
  6106 | D        | Killed a purple very ugly thing
  6110 | D        | Killed a freezing wraith
  6111 | D        | Killed a hornet
  6112 | D        | Killed a shadow dragon
  6122 | D        | Killed a boulder beetle
  6205 | D        | Noticed a shadow dragon
  6205 | D        | Noticed an ancient lich
  6205 | D        | Noticed a golden dragon
  6205 | D        | Noticed a quicksilver dragon
  6205 | D        | Noticed a shadow dragon
  6205 | D        | Noticed a tentacled monstrosity
  6209 | D        | Killed a tentacled monstrosity
  6212 | D        | Noticed a tentacled monstrosity
  6213 | D        | Noticed a shadow dragon
  6226 | D        | Killed a shadow dragon
  6226 | D        | Reached skill level 24 in Maces & Flails
  6232 | D        | Noticed a quicksilver dragon
  6235 | D        | Killed a golden dragon
  6235 | D        | Reached skill level 21 in Dodging
  6236 | D        | Noticed a stone giant
  6239 | D        | Killed a tentacled monstrosity
  6241 | D        | Killed an ancient lich
  6241 | D        | Reached skill level 26 in Fighting
  6241 | D        | Reached skill level 26 in Armour
  6250 | D        | Killed a shadow dragon
  6257 | D        | Killed a shadow dragon
  6268 | D        | Killed a quicksilver dragon
  6275 | D        | Killed a quicksilver dragon
  6281 | D        | Killed a stone giant
  6284 | D        | Got a silver rune of Zot
  6286 | D        | Got a scintillating bone amulet
  6287 | D        | Identified the amulet of Jyofuetu {rCorr +Fly} (You found it in the Dungeon)
  6310 | D        | Got a slimy plate armour
  6311 | D        | Identified the cursed +0 plate armour of the Great Game {Int+2 Stlth+} (You found it in the Dungeon)
  6336 | D        | Noticed Norris
  6360 | D        | Killed Norris
  6360 | D        | Reached skill level 25 in Maces & Flails
  6398 | D        | Noticed Jory
  6415 | D        | Killed Jory
  6422 | D        | Learned a level 4 spell: Passage of Golubria
  6464 | D        | Got the ring "Bioxees" {Ice rPois MP+9 Int+4}
  6468 | D        | Got the ring of the Cicada {Wiz Int+4}
  6470 | D        | Got the ring of Waumyal {rC+ Slay+3}
  6472 | D        | Got the amulet "Zamops" {Faith MR+}
  6474 | D        | Got the ring "Ittohoin" {MR+ MP+9 Slay+3}
  6501 | D        | Got the +4 plate armour of Disguise {Dex+4}
  6506 | D        | Got the +4 plate armour "Otisam" {-Tele SInv Stlth+}
  6560 | D        | Noticed Xtahua
  6560 | D        | Noticed Mara
  6561 | D        | Noticed Frederick
  6579 | D        | Killed Xtahua
  6579 | D        | Reached skill level 27 in Fighting
  6579 | D        | Reached skill level 27 in Armour
  6579 | D        | Reached skill level 22 in Dodging
  6587 | D        | Killed Frederick
  6602 | D        | Noticed esc's illusion
  6616 | D        | Killed Mara
  6622 | D        | Killed Mara
  6635 | D        | Noticed esc's illusion
  6637 | D        | Killed Mara
  6645 | D        | Killed Mara
  6657 | D        | HP: 34/139 [esc's illusion[Mara] (18)]
  6660 | D        | HP: 13/139 [Mara/bolt of fire (22)]
  6665 | D        | Killed Mara
  6665 | D        | Reached skill level 26 in Maces & Flails
  6665 | D        | Reached XP level 18. HP: 75/145 MP: 27/27
  6933 | D        | Noticed an ogre mage
  6933 | D        | Noticed a hill giant
  6933 | D        | Noticed an orc knight
  6935 | D        | Noticed an ice beast
  6939 | D        | Noticed a cyclops
  6940 | D        | Killed an orc knight
  6944 | D        | Noticed a hippogriff
  6944 | D        | Killed a hill giant
  6948 | D        | Killed an ogre mage
  6953 | D        | Killed an ice beast
  6958 | D        | Killed a cyclops
  6962 | D        | Killed a hippogriff
  7087 | D        | Noticed a storm dragon
  7087 | D        | Noticed an ice dragon
  7087 | D        | Noticed a bone dragon
  7087 | D        | Noticed an ice dragon
  7087 | D        | Noticed a mottled dragon
  7087 | D        | Noticed a storm dragon
  7088 | D        | Noticed a bone dragon
  7094 | D        | Killed a storm dragon
  7094 | D        | Reached skill level 23 in Dodging
  7096 | D        | Noticed a green draconian
  7096 | D        | Killed a mottled dragon
  7097 | D        | Noticed a red draconian
  7104 | D        | Killed an ice dragon
  7109 | D        | Killed a bone dragon
  7113 | D        | Noticed a yellow draconian
  7115 | D        | Noticed a green draconian
  7117 | D        | Killed an ice dragon
  7121 | D        | Noticed a yellow draconian
  7123 | D        | Killed a bone dragon
  7131 | D        | Killed a storm dragon
  7131 | D        | Reached skill level 27 in Maces & Flails
  7136 | D        | Killed a green draconian
  7136 | D        | Reached skill level 1 in Spellcasting
  7136 | D        | Reached skill level 1 in Translocations
  7146 | D        | Killed a red draconian
  7146 | D        | Reached skill level 8 in Evocations
  7156 | D        | Killed a yellow draconian
  7156 | D        | Reached skill level 2 in Spellcasting
  7156 | D        | Reached skill level 2 in Translocations
  7161 | D        | Killed a green draconian
  7165 | D        | Killed a yellow draconian
  7165 | D        | Reached skill level 3 in Spellcasting
  7165 | D        | Reached skill level 3 in Translocations
  7230 | D        | Noticed a purple draconian annihilator
  7230 | D        | Noticed an ice dragon
  7230 | D        | Noticed a death cob
  7230 | D        | Noticed an ice dragon
  7230 | D        | Noticed a tentacled monstrosity
  7230 | D        | Noticed a white draconian
  7233 | D        | Killed a white draconian
  7234 | D        | Noticed an ice dragon
  7236 | D        | Killed a tentacled monstrosity
  7236 | D        | Reached skill level 4 in Spellcasting
  7236 | D        | Reached skill level 4 in Translocations
  7236 | D        | Reached skill level 14 in Invocations
  7236 | D        | Reached skill level 9 in Evocations
  7242 | D        | Killed an ice dragon
  7245 | D        | Killed a death cob
  7245 | D        | Reached skill level 5 in Spellcasting
  7245 | D        | Reached skill level 5 in Translocations
  7253 | D        | Killed an ice dragon
  7253 | D        | Reached skill level 24 in Dodging
  7257 | D        | Killed an ice dragon
  7262 | D        | Killed a purple draconian annihilator
  7550 | D        | Learned a level 2 spell: Swiftness
  7550 | D        | Noticed a white draconian caller
  7550 | D        | Noticed an ice dragon
  7550 | D        | Noticed a yellow draconian monk
  7550 | D        | Noticed a shadow dragon
  7550 | D        | Noticed an ice dragon
  7550 | D        | Noticed a purple draconian shifter
  7556 | D        | Killed an ice dragon
  7557 | D        | Noticed a black draconian annihilator
  7565 | D        | Killed a shadow dragon
  7565 | D        | Reached skill level 6 in Spellcasting
  7565 | D        | Reached skill level 1 in Charms
  7565 | D        | Reached skill level 6 in Translocations
  7565 | D        | Reached skill level 1 in Air Magic
  7572 | D        | Noticed a mottled draconian
  7577 | D        | Killed a yellow draconian monk
  7577 | D        | Reached skill level 2 in Charms
  7577 | D        | Reached skill level 10 in Evocations
  7579 | D        | Killed an ice dragon
  7579 | D        | Reached skill level 2 in Air Magic
  7585 | D        | Killed a purple draconian shifter
  7590 | D        | Killed a white draconian caller
  7590 | D        | Reached skill level 3 in Charms
  7590 | D        | Reached skill level 15 in Invocations
  7607 | D        | Killed a mottled draconian
  7610 | D        | Killed a black draconian annihilator
  7610 | D        | Reached skill level 7 in Spellcasting
  7610 | D        | Reached skill level 3 in Air Magic
  7692 | D        | Noticed a red draconian
  7692 | D        | Noticed a purple draconian
  7692 | D        | Noticed a black draconian
  7692 | D        | Noticed a red draconian
  7692 | D        | Noticed a tentacled monstrosity
  7692 | D        | Noticed a green draconian
  7693 | D        | Noticed a moth of wrath
  7699 | D        | Killed a tentacled monstrosity
  7699 | D        | Reached skill level 4 in Charms
  7699 | D        | Reached skill level 7 in Translocations
  7700 | D        | Noticed a white draconian monk
  7704 | D        | Killed a green draconian
  7705 | D        | Noticed a yellow draconian
  7709 | D        | Killed a red draconian
  7709 | D        | Reached skill level 4 in Air Magic
  7718 | D        | Killed a black draconian
  7729 | D        | Killed a white draconian monk
  7729 | D        | Reached skill level 5 in Charms
  7731 | D        | Killed a purple draconian
  7731 | D        | Reached skill level 8 in Spellcasting
  7731 | D        | Reached skill level 11 in Evocations
  7746 | D        | Killed a red draconian
  7746 | D        | Reached skill level 8 in Translocations
  7748 | D        | Killed a moth of wrath
  7755 | D        | Killed a yellow draconian
  7755 | D        | Reached skill level 5 in Air Magic
  7865 | D        | Noticed a purple draconian
  7865 | D        | Noticed a shadow dragon
  7865 | D        | Noticed a mottled draconian shifter
  7865 | D        | Noticed a shadow dragon
  7865 | D        | Noticed a Killer Klown
  7865 | D        | Noticed a fire dragon
  7868 | D        | Noticed a shadow dragon
  7871 | D        | Noticed a green draconian
  7878 | D        | Killed a mottled draconian shifter
  7885 | D        | Killed a shadow dragon
  7885 | D        | Reached skill level 6 in Charms
  7893 | D        | Noticed a yellow draconian
  7898 | D        | Killed a Killer Klown
  7898 | D        | Reached skill level 9 in Spellcasting
  7898 | D        | Reached skill level 9 in Translocations
  7898 | D        | Reached skill level 6 in Air Magic
  7898 | D        | Reached skill level 16 in Invocations
  7905 | D        | Killed a shadow dragon
  7909 | D        | Killed a fire dragon
  7909 | D        | Reached skill level 7 in Charms
  7909 | D        | Reached XP level 19. HP: 151/151 MP: 32/32
  7920 | D        | Killed a purple draconian
  7927 | D        | Killed a shadow dragon
  7934 | D        | Killed a green draconian
  7934 | D        | Reached skill level 12 in Evocations
  7940 | D        | Killed a yellow draconian
  8115 | D        | Noticed an Orb Guardian
  8115 | D        | Noticed an Orb Guardian
  8115 | D        | Noticed an Orb Guardian
  8115 | D        | Noticed an Orb Guardian
  8115 | D        | Noticed an Orb Guardian
  8115 | D        | Noticed an Orb Guardian
  8120 | D        | Killed an Orb Guardian
  8120 | D        | Reached skill level 10 in Spellcasting
  8120 | D        | Reached skill level 7 in Air Magic
  8130 | D        | Noticed an Orb Guardian
  8131 | D        | Killed an Orb Guardian
  8131 | D        | Reached skill level 8 in Charms
  8131 | D        | Reached skill level 10 in Translocations
  8134 | D        | Killed an Orb Guardian
  8134 | D        | Reached skill level 17 in Invocations
  8142 | D        | Killed an Orb Guardian
  8153 | D        | Killed an Orb Guardian
  8153 | D        | Reached skill level 9 in Charms
  8153 | D        | Reached skill level 8 in Air Magic
  8157 | D        | Killed an Orb Guardian
  8168 | D        | Killed an Orb Guardian
  8168 | D        | Reached skill level 11 in Spellcasting
  8168 | D        | Reached skill level 13 in Evocations
  8189 | D        | Noticed an Orb Guardian
  8190 | D        | Noticed an Orb Guardian
  8191 | D        | Noticed an Orb Guardian
  8197 | D        | Killed an Orb Guardian
  8197 | D        | Reached skill level 11 in Translocations
  8202 | D        | Killed an Orb Guardian
  8213 | D        | Killed an Orb Guardian
  8213 | D        | Reached skill level 25 in Dodging
  8213 | D        | Reached skill level 10 in Charms
  8213 | D        | Reached skill level 9 in Air Magic
  8415 | D        | Noticed a fire dragon
  8415 | D        | Noticed a fire dragon
  8415 | D        | Noticed an Orb Guardian
  8415 | D        | Noticed an Orb Guardian
  8415 | D        | Noticed a golden dragon
  8415 | D        | Noticed a moth of wrath
  8425 | D        | Noticed an Orb Guardian
  8425 | D        | Killed a golden dragon
  8425 | D        | Reached skill level 18 in Invocations
  8431 | D        | HP: 19/151 [Orb Guardian (29)]
  8432 | D        | Slain by an Orb Guardian

Vault maps used:
D:        linesprint

Action                   |  1- 3 |  4- 6 |  7- 9 | 10-12 | 13-15 | 16-18 | 19-21 || total
-------------------------+-------+-------+-------+-------+-------+-------+-------++-------
Melee: Flail             |    17 |    11 |       |       |       |       |       ||    28
       Dire flail        |       |    12 |    35 |   279 |       |       |       ||   326
       Great mace        |       |       |       |   113 |   644 |   790 |   116 ||  1663
Throw: Javelin           |       |       |       |       |       |     2 |       ||     2
 Cast: Passage of Golubr |       |       |       |       |       |       |     1 ||     1
Invok: Divine Shield     |       |       |       |     1 |     8 |     9 |     2 ||    20
       Brand Weapon With |       |       |       |     1 |       |       |       ||     1
       Summon Divine War |       |       |       |       |     3 |     2 |       ||     5
       Cleansing Flame   |       |       |       |       |     2 |     1 |       ||     3
 Abil: Fly               |       |       |       |       |     1 |       |       ||     1
Evoke: Wand              |       |       |     5 |     2 |       |       |       ||     7
  Use: Potion            |       |     1 |       |     2 |     4 |     9 |     2 ||    18
       Scroll            |       |       |       |     8 |     3 |     7 |       ||    18
 Stab: Confused          |       |       |       |       |       |     1 |       ||     1
  Eat: Chunk             |       |       |       |     4 |     7 |     6 |     2 ||    19
       Beef jerky        |       |       |       |     1 |       |       |       ||     1
       Meat ration       |       |       |       |       |     1 |     1 |       ||     2
       Fruit             |       |       |       |       |     1 |       |       ||     1

Vault maps used:
D:        linesprint

Table legend:
 A = Turns spent in this place as a percentage of turns spent in the entire game.
 B = Non-inter-level travel turns spent in this place as a percentage of non-inter-level travel turns spent in the entire game.
 C = Inter-level travel turns spent in this place as a percentage of turns spent in this place.
 D = Turns resting spent in this place as a percentage of non-inter-level travel turns spent in this place.
 E = Turns spent auto-exploring this place as a percentage of non-inter-level travel turns spent in this place.
 F = Non-inter-level travel turns spent in this place divided by the number of levels of this place that you've seen.
                   A       B       C       D       E      F
               +-------+-------+-------+-------+-------+----------------------
         Total | 100.0 | 100.0 |   0.0 |   2.2 |   0.6 | 4045.0
       Dungeon | 100.0 | 100.0 |   0.0 |   2.2 |   0.6 | 4045.0
               +-------+-------+-------+-------+-------+----------------------

Table legend:
 A = Kills in this place as a percentage of kills in entire the game.
 B = Kills by you in this place as a percentage of kills by you in the entire game.
 C = Kills by friends in this place as a percentage of kills by friends in the entire game.
 D = Other kills in this place as a percentage of other kills in the entire game.
 E = Experience gained in this place as a percentage of experience gained in the entire game.
 F = Experience gained in this place divided by the number of levels of this place that you have seen.
                   A       B       C       D       E      F
               +-------+-------+-------+-------+-------+----------------------
         Total | 100.0 | 100.0 | 100.0 | 100.0 | 100.0 | 354692.0
       Dungeon | 100.0 | 100.0 | 100.0 | 100.0 | 100.0 | 354692.0
               +-------+-------+-------+-------+-------+----------------------
